Map: Emerald City LE

Players

OtakuTerran - Winner!

  • Race: Terran Terran
  • League: Master
  • Spawn Location: 11:00

Shiro - Winner!

  • Race: Terran Terran
  • Spawn Location: 11:00

Pichu

  • Race: Protoss Protoss
  • League: Diamond
  • Spawn Location: 5:00

SirSmokeAlot

  • Race: Zerg Zerg
  • League: Diamond
  • Spawn Location: 5:00

VOD

Have the link to the VOD?

Description

Time

  • Played on: April 30, 2020, 6:24 p.m.
  • Length: 8:43
Show
View Real Time Build Order
Export as new Build Order

OtakuTerran Terran - Winner!

Build Orders: Reaper Expand 

Get SALT Encoding   

  12  0:01  SCV  
  13  0:13  SCV  
  14  0:18  Supply Depot  
  14  0:25  SCV  
  15  0:40  SCV  
  15  0:41  Barracks  
  16  0:45  Refinery  
  16  0:52  SCV  
  17  1:04  SCV  
  18  1:16  SCV  
  19  1:28  Reaper  
  19  1:29  Orbital Command  
  20  1:40  Command Center  
  20  1:48  Supply Depot  
  20  1:54  SCV  
  20  2:00  Marine  
  22  2:06  SCV  
  22  2:07  Refinery  
  23  2:12  Factory  
  23  2:18  SCV  
  24  2:24  Barracks Reactor  
  24  2:30  SCV  
  25  2:47  SCV  
  26  2:55  Starport  
  26  2:57  Orbital Command  
  26  2:58  Factory Tech Lab  
  26  2:59  SCV  
  26  3:00  Marine x2  
  29  3:12  SCV  
  30  3:15  Orbital Command  
  30  3:18  Marine x2, Cyclone  
  35  3:24  SCV  
  37  3:32  Starport Tech Lab  
  36  3:35  Supply Depot  
  36  3:36  Marine x2, SCV  
  39  3:43  SCV  
  39  3:44  Refinery  
  39  3:48  SCV  
  41  3:54  Marine x2  
  41  3:55  SCV  
  44  3:56  Raven  
  44  4:01  SCV  
  44  4:02  Barracks  
  47  4:03  Barracks  
  47  4:07  SCV  
  48  4:10  Engineering Bay  
  48  4:12  Supply Depot  
  48  4:13  SCV  
  48  4:14  Marine  
  50  4:17  Marine  
  50  4:18  Factory Tech Lab  
  51  4:24  SCV  
  51  4:27  SCV  
  53  4:32  Marine, Supply Depot  
  53  4:35  Marine  
  53  4:36  Terran Infantry Weapons Level 1, SCV  
  56  4:41  SCV  
  57  4:48  SCV  
  57  4:50  Marine  
  57  4:52  Marine  
  59  4:54  SCV  
  59  4:55  Stimpack  
  59  4:56  Combat Shield  
  59  4:58  Marauder x2  
  65  5:05  Supply Depot  
  65  5:08  SCV x2  
  65  5:12  Starport Reactor  
  65  5:13  Marine x2  
  69  5:18  Supply Depot  
  69  5:19  Marauder  
  69  5:20  SCV x2  
  73  5:22  Marauder  
  73  5:27  Siege Tank  
  78  5:32  SCV  
  78  5:35  Supply Depot  
  79  5:36  Supply Depot  
  79  5:37  Marine  
  79  5:38  Marine  
  81  5:43  Marauder  
  81  5:45  Marauder  
  81  5:46  SCV  
  81  5:49  Refinery  
  86  5:51  Medivac  
  88  5:59  Siege Tank  
  88  6:01  Medivac  
  93  6:04  Marine x2  
  93  6:06  Marauder  
  93  6:07  Marauder  
  99  6:13  Supply Depot  
  99  6:15  Supply Depot  
  99  6:22  Marine x2  
  101  6:27  Marauder  
  101  6:29  Marauder  
  101  6:31  Siege Tank  
  108  6:34  Supply Depot  
  108  6:40  Marine x2, Terran Infantry Armor Level 1  
  110  6:48  Marauder  
  110  6:50  Concussive Shells, Marauder  
  110  6:53  Medivac  
  116  6:58  Marine x2  
  118  7:10  Command Center, Marauder  
  118  7:11  Marauder  
  122  7:15  Marine  
  122  7:19  Barracks x2  
  122  7:21  Marine  
  124  7:26  Siege Tank  
  124  7:28  SCV x2  
  129  7:31  Marauder  
  129  7:33  Marauder  
  129  7:34  Supply Depot  
  129  7:36  Supply Depot  
  133  7:37  Marine  
  134  7:48  Marine  
  135  7:53  Marauder  
  118  8:05  Marine, SCV, Marauder  
  120  8:10  Siege Tank  
  120  8:11  Armory, Barracks Tech Lab, Engineering Bay, Barracks Reactor  
  124  8:14  Marauder  
Show
View Real Time Build Order
Export as new Build Order

Shiro Terran - Winner!

Build Orders: Reaper Expand 

Get SALT Encoding   

  12  0:00  SCV  
  13  0:13  SCV  
  14  0:17  Supply Depot  
  14  0:25  SCV  
  15  0:38  SCV  
  15  0:39  Barracks  
  16  0:44  Refinery  
  16  0:50  SCV  
  17  1:03  SCV  
  18  1:15  SCV  
  19  1:27  Reaper  
  19  1:28  Orbital Command  
  20  1:42  Command Center  
  20  1:50  Supply Depot  
  20  1:53  SCV  
  21  1:59  Marine  
  22  2:08  Factory  
  22  2:13  SCV  
  22  2:14  Refinery  
  23  2:25  SCV  
  23  2:27  Barracks Reactor  
  24  2:37  SCV  
  25  2:49  SCV  
  26  2:53  Starport  
  26  2:58  Orbital Command  
  26  3:01  Factory Tech Lab, SCV  
  27  3:12  Marine x2, Orbital Command  
  29  3:13  SCV  
  30  3:20  Bunker  
  30  3:26  SCV  
  31  3:27  Siege Tank  
  31  3:32  Viking  
  36  3:38  SCV  
  36  3:39  SCV  
  38  3:44  Marine x2  
  40  3:50  SCV  
  40  3:53  Supply Depot  
  40  3:54  SCV  
  42  3:57  Refinery  
  42  4:02  SCV  
  43  4:06  SCV  
  44  4:10  Factory Reactor  
  44  4:14  Barracks, SCV  
  44  4:16  Barracks  
  45  4:18  SCV  
  45  4:19  Raven, Refinery  
  45  4:24  Marine x2  
  48  4:26  SCV  
  48  4:30  SCV  
  52  4:36  Supply Depot  
  52  4:38  SCV, Supply Depot  
  52  4:40  Engineering Bay  
  52  4:42  SCV  
  54  4:58  Marine x2, SCV x2  
  58  5:08  Barracks Tech Lab  
  58  5:09  Stimpack  
  58  5:10  SCV x2  
  58  5:12  Marauder  
  58  5:13  Terran Infantry Weapons Level 1  
  62  5:14  Starport Reactor  
  62  5:15  Widow Mine x2  
  66  5:22  SCV x2  
  66  5:25  Supply Depot x2  
  66  5:26  Marine x2  
  70  5:41  Combat Shield  
  70  5:46  Marine, SCV x2, Marauder  
  70  5:47  Marauder  
  77  5:54  Supply Depot  
  77  5:56  Supply Depot  
  77  5:58  SCV x2, Widow Mine x2  
  77  5:59  Medivac  
  77  6:01  Marine  
  86  6:16  Medivac, Marauder x2  
  93  6:19  Supply Depot  
  93  6:20  Supply Depot  
  93  6:24  Command Center  
  93  6:25  Widow Mine x2  
  96  6:27  Marine  
  96  6:29  Marine  
  98  6:34  Medivac  
  98  6:38  Marauder  
  102  6:41  Marauder  
  102  6:46  Medivac, Supply Depot  
  102  6:47  Missile Turret  
  106  6:48  Supply Depot  
  106  6:49  Missile Turret  
  106  6:50  Marine x2  
  106  6:51  Widow Mine  
  106  6:52  Widow Mine  
  112  6:59  Concussive Shells  
  112  7:06  Medivac  
  114  7:12  Marine x2, Marauder x2  
  120  7:27  Widow Mine x2  
  120  7:28  Medivac  
  126  7:30  Marine x2  
  126  7:33  Marauder  
  126  7:34  Marauder  
  132  7:47  Marine  
  132  7:48  Marine  
  134  7:55  Marauder x2  
  123  8:05  Marine x2  
  123  8:10  Medivac, Widow Mine  
  123  8:11  Medivac, Widow Mine  
  133  8:16  Marauder x2  
  137  8:23  Marine x2  
Show
View Real Time Build Order
Export as new Build Order

Pichu Protoss 

Build Orders: 1 Gate Expand 

Get SALT Encoding   

  12  0:02  Probe  
  13  0:14  Probe  
  13  0:20  Pylon  
  14  0:26  Probe  
  15  0:38  Probe (Chrono Boost)  
  15  0:40  Gateway  
  16  0:48  Assimilator  
  17  0:50  Probe (Chrono Boost)  
  17  0:55  Probe (Chrono Boost)  
  18  1:04  Probe (Chrono Boost)  
  19  1:16  Probe (Chrono Boost)  
  20  1:21  Probe (Chrono Boost)  
  21  1:27  Cybernetics Core  
  21  1:31  Probe  
  22  1:41  Nexus  
  22  1:43  Probe  
  23  1:51  Pylon  
  23  1:57  Assimilator  
  23  2:08  Warp Gate  
  23  2:09  Probe (Chrono Boost), Stalker  
  26  2:19  Probe (Chrono Boost)  
  27  2:22  Gateway  
  27  2:24  Probe (Chrono Boost)  
  27  2:29  Pylon  
  28  2:39  Stalker  
  28  2:43  Probe  
  31  2:54  Probe  
  31  2:55  Probe  
  33  3:09  Stalker, Twilight Council  
  35  3:16  Probe (Chrono Boost), Robotics Facility  
  35  3:18  Probe (Chrono Boost)  
  37  3:23  Sentry  
  41  3:27  Probe (Chrono Boost)  
  41  3:29  Probe (Chrono Boost), Pylon  
  41  3:34  Probe (Chrono Boost)  
  42  3:44  Forge  
  42  3:46  Probe (Chrono Boost)  
  44  3:49  Charge  
  44  3:50  Probe (Chrono Boost)  
  44  3:59  Probe x2 (Chrono Boost)  
  46  4:04  Observer  
  46  4:07  Probe (Chrono Boost)  
  46  4:08  Probe (Chrono Boost)  
  49  4:11  Pylon  
  49  4:16  Probe (Chrono Boost)  
  51  4:17  Probe (Chrono Boost)  
  51  4:28  Probe (Chrono Boost)  
  51  4:29  Nexus  
  53  4:32  Gateway  
  53  4:33  Sentry x2  
  53  4:34  Probe (Chrono Boost)  
  57  4:38  Gateway  
  57  4:40  Assimilator  
  57  4:46  Probe  
  57  4:51  Observer, Protoss Ground Armor Level 1 (Chrono Boost)  
  59  4:53  Probe  
  59  4:57  Pylon  
  59  4:59  Gateway  
  60  5:02  Probe  
  60  5:04  Zealot x2  
  60  5:06  Probe  
  66  5:10  Pylon  
  66  5:12  Assimilator  
  66  5:14  Probe  
  66  5:18  Probe  
  68  5:26  Probe  
  69  5:28  Pylon  
  69  5:30  Observer  
  69  5:31  Pylon  
  69  5:34  Zealot x4  
  78  5:44  Robotics Bay  
  78  5:46  Pylon  
  78  5:48  Probe  
  79  5:51  Observer  
  79  5:52  Pylon  
  79  5:56  Probe x2  
  82  5:58  Blink  
  82  6:00  Probe  
  82  6:03  Forge  
  83  6:08  Probe x2  
  83  6:10  Robotics Facility  
  85  6:13  Assimilator  
  85  6:17  Assimilator  
  85  6:21  Observer  
  86  6:29  Zealot  
  86  6:30  Zealot x4  
  86  6:32  Probe x2, Protoss Ground Weapons Level 1 (Chrono Boost)  
  98  6:37  Probe  
  99  6:43  Templar Archives  
  99  6:46  Gateway  
  99  6:47  Probe  
  100  7:07  Zealot  
  100  7:08  Zealot x2  
  110  7:10  Colossus (Chrono Boost)  
  110  7:11  Colossus (Chrono Boost)  
  117  7:24  Zealot x2  
  117  7:28  Gateway  
  119  7:38  Zealot  
  119  7:39  Zealot x2  
  125  7:57  Immortal  
  97  8:07  Zealot x3  
  96  8:14  Zealot  
  96  8:16  Zealot x2  
  86  8:28  Zealot  
  86  8:30  Zealot x3  
Show
View Real Time Build Order
Export as new Build Order

SirSmokeAlot Zerg 

Build Orders: Hatch First 

Get SALT Encoding   

  12  0:01  Drone  
  13  0:15  Overlord  
  13  0:27  Drone  
  14  0:35  Drone x2  
  16  0:39  Drone  
  17  0:55  Hatchery  
  16  1:00  Drone  
  17  1:10  Drone  
  18  1:16  Spawning Pool  
  17  1:18  Drone  
  18  1:27  Drone  
  19  1:42  Hatchery  
  19  1:45  Drone  
  19  1:48  Drone  
  19  1:54  Drone  
  21  2:06  Zergling x2  
  21  2:07  Queen  
  24  2:12  Queen  
  26  2:22  Zergling x2  
  27  2:24  Overlord  
  27  2:27  Drone  
  27  2:39  Spine Crawler  
  26  2:44  Zergling x8  
  26  2:48  Drone  
  30  2:53  Drone  
  30  2:55  Drone  
  32  3:02  Drone  
  32  3:03  Drone  
  34  3:06  Queen  
  34  3:07  Drone  
  34  3:12  Queen  
  37  3:18  Drone x2  
  41  3:21  Drone  
  41  3:24  Extractor  
  41  3:25  Overlord  
  41  3:32  Drone  
  42  3:43  Overlord  
  42  3:44  Drone x3  
  42  3:48  Queen  
  45  3:51  Drone x3  
  50  4:04  Drone x2  
  50  4:06  Drone x6  
  50  4:08  Extractor  
  57  4:18  Drone  
  57  4:22  Overlord x3  
  58  4:36  Spore Crawler  
  58  4:37  Hatchery  
  56  4:40  Extractor, Drone  
  56  4:41  Drone x2  
  56  4:42  Extractor, Drone x2  
  56  4:43  Drone  
  60  4:52  Drone x2  
  62  4:55  Drone x4  
  62  4:56  Drone x3  
  69  5:00  Roach Warren  
  69  5:04  Drone  
  69  5:05  Drone x2  
  69  5:06  Drone x3  
  74  5:17  Overlord x2  
  74  5:23  Metabolic Boost  
  74  5:24  Baneling Nest  
  74  5:26  Overlord x3  
  73  5:30  Extractor  
  73  5:31  Extractor  
  71  5:37  Overlord x2  
  71  5:39  Overlord  
  71  5:53  Zergling x4  
  71  5:54  Zergling x16  
  81  5:58  Lair  
  81  6:02  Drone x2  
  81  6:04  Drone x5  
  88  6:21  Drone  
  88  6:22  Drone x7  
  96  6:26  Spore Crawler  
  96  6:28  Spore Crawler, Spine Crawler  
  96  6:29  Extractor  
  96  6:31  Extractor  
  91  6:38  Overlord x3  
  91  6:39  Evolution Chamber  
  90  6:40  Evolution Chamber  
  89  6:53  Roach x2, Hatchery  
  92  6:55  Drone x3  
  92  6:56  Drone x7  
  92  6:57  Drone  
  92  7:00  Zergling x2  
  92  7:01  Zergling x6  
  107  7:05  Baneling x4  
  107  7:06  Baneling x6  
  107  7:07  Drone  
  107  7:08  Drone x4  
  112  7:17  Zergling x6  
  112  7:18  Zergling x2  
  112  7:20  Baneling x3  
  112  7:21  Baneling x2  
  112  7:22  Zergling x2  
  117  7:23  Zergling x2  
  117  7:24  Zergling x2  
  117  7:28  Overseer x2  
  117  7:29  Overseer  
  119  7:30  Overseer  
  119  7:31  Zergling x2  
  119  7:33  Zergling x4  
  122  7:39  Zergling x10  
  122  7:43  Zergling x4  
  104  7:59  Zergling x8  
  104  8:00  Zergling x2  
  104  8:03  Zergling x12  
  111  8:10  Zergling x14  
  111  8:11  Zergling x2  
  119  8:13  Baneling  
  119  8:14  Baneling x11  
  119  8:15  Baneling x2  
  119  8:19  Zergling x4  
  118  8:22  Zergling x6  
  118  8:25  Zergling x2  
Tags
 
Add a new tag
Caveats
  • Supply blocks, unpowered buildings, or Contaminate may cause inaccurate times.
  • Supply counts are checked every 10 seconds.